 Dungeon Crawl Stone Soup version 0.26-a0-466-g989023bd0d (webtiles) character file.

Game seed: 476888662288399132

1338 sanka the Spear-Bearer (level 8, -2/66 HPs)
             Began as a Ghoul Abyssal Knight on Aug 14, 2020.
             Was an Elder of Lugonu.
             Slain by Menkaure (8 damage)
             ... on level 6 of the Dungeon.
             The game lasted 00:09:14 (5323 turns).

sanka the Spear-Bearer (Ghoul Abyssal Knight)       Turns: 5323, Time: 00:09:14

Health: -2/66      AC:  9    Str: 22    XL:     8   Next: 61%
Magic:  10/10      EV:  8    Int:  7    God:    Lugonu [****..]
Gold:   339        SH:  5    Dex: 10    Spells: 7/7 levels left

rFire    + . .     SeeInvis .   a - +0 trident (venom)
rCold    . . .     Faith    .   (no shield)
rNeg     + + +     Spirit   .   y - +0 chain mail
rPois    ∞         Reflect  +   n - +0 helmet
rElec    .         Harm     .   (no cloak)
rCorr    .                      (no gloves)
MR       .....                  (no boots)
Stlth    ..........             q - amulet of reflection
HPRegen  0.00/turn              x - ring of fire
MPRegen  0.12/turn              c - +6 ring of strength

@: no status effects
A: rotting body, claws 1, cold resistance 1, negative energy resistance 3,
inhibited regeneration, torment resistance, unbreathing
a: Depart the Abyss, Bend Space, Banish, Corrupt, Renounce Religion


You were on level 6 of the Dungeon.
You worshipped Lugonu.
Lugonu was greatly pleased with you.
You visited 1 branch of the dungeon, and saw 6 of its levels.
You visited the Abyss 1 time.

You collected 361 gold pieces.
You spent 22 gold pieces at shops.


Innate Abilities, Weirdness & Mutations

Your body is rotting away.
You thrive by killing the living.
You are immune to poison.
You have sharp fingernails.
Your flesh is cold resistant. (rC+)
You are immune to negative energy. (rN+++)
You do not regenerate when monsters are visible.
You are immune to unholy pain and torment.
You can survive without breathing.


   Skills:
 - Level 4.0 Fighting
 + Level 8.5 Polearms
 - Level 2.0 Armour
 - Level 1.0 Dodging
 + Level 4.7 Invocations


You had 7 spell levels left.
You didn't know any spells.
Your spell library contained the following spells:

 Spells                   Type           Power        Failure   Level
 Animate Skeleton         Necr           #.....       99%         1
 Pain                     Necr           #...         99%         1
 Vampiric Draining        Necr           #.........   100%        3
 Animate Dead             Necr           #.........   100%        4
 Agony                    Necr           #.......     100%        5

Inventory:

Hand Weapons
 a - a +0 trident of venom (weapon)
 p - a +0 halberd
Missiles
 l - a throwing net {=f}
Armour
 n - a +0 helmet (worn)
 y - a +0 chain mail (worn)
Jewellery
 c - a +6 ring of strength (right claw)
 o - an uncursed ring of fire
 q - an amulet of reflection (around neck)
 r - an uncursed ring of ice
 x - a ring of fire (left claw)
Wands
 s - a wand of polymorph (7)
Scrolls
 e - 2 scrolls of teleportation {@r4}
 f - 2 scrolls of fog
 g - 4 scrolls of identify {@r1}
 i - 6 scrolls of remove curse
 j - 3 scrolls of blinking
 t - 2 scrolls of enchant armour
 u - a scroll of amnesia
 v - 3 scrolls of immolation {!r}
Potions
 b - a potion of ambrosia {unknown}
 d - 4 potions of stabbing {unknown}
 h - 2 potions of heal wounds {unknown}
 k - 2 potions of berserk rage {unknown}
 m - 3 potions of haste {unknown}
 w - a potion of resistance {unknown}
 z - 2 potions of flight {unknown}
 A - a potion of brilliance {unknown}

Dungeon Overview and Level Annotations

Branches:
Dungeon (6/15)             Temple (0/1) D:5

Altars:
Ashenzari
Nemelex Xobeh
Okawaru
Trog
Xom

Shops:
D:5 ?}:(}   D:6 :

Annotations:
D:6 Menkaure

▒.▒ ▒z▒ ▒.▒
▒▒▒.▒▒▒.▒▒
▒.▒▒▒▒▒▒▒
▒.........▒
▒.......▒
▒.▒...g...▒
▒.▒▒▒▒▒.▒
▒.▒▒▒▒▒.g.. ▒.▒▒
▒▒.▒▒ ▒.▒ ..▒
▒..▒▒▒...▒▒ ▒g▒
.. ▒▒.▒▒.....▒▒
▒M▒ ▒
▒.▒.......▒▒▒▒▒n▒
▒....._.........▒
▒▒▒.......▒.▒▒▒▒▒
▒▒.....▒▒.▒
▒▒...▒▒..▒
▒▒.▒▒..▒▒ ▒....▒▒
▒▒▒▒▒▒


You could see Menkaure (fast) and a gnoll.


Message History

You hit the wight.
The wight is severely damaged.
The wight hits you but does no damage.
You hit the wight.
You destroy the wight!
Lugonu accepts your kill.
You hit Menkaure.
Menkaure is lightly damaged.
Menkaure hits you!!
* * * LOW HITPOINT WARNING * * *
The gnoll barely misses you.
You barely miss Menkaure.
Menkaure is lightly damaged.
Menkaure hits you but does no damage.
The gnoll hits you from afar with a +0 spear.
* * * LOW HITPOINT WARNING * * *
You barely miss Menkaure.
Menkaure is lightly damaged.
Menkaure barely misses you.
The gnoll hits you from afar with a +0 spear.
* * * LOW HITPOINT WARNING * * *
You hit Menkaure.
Menkaure is moderately damaged.
Menkaure hits you but does no damage.
The gnoll hits you from afar with a +0 spear.
* * * LOW HITPOINT WARNING * * *
You hit Menkaure.
Menkaure is heavily damaged.
Menkaure hits you!
You die...

Action                   |  1- 3 |  4- 6 |  7- 9 || total
-------------------------+-------+-------+-------++-------
Melee: Spear             |    47 |       |       ||    47
       Trident           |    26 |   158 |   257 ||   441
  Use: Scroll            |       |       |     8 ||     8
Armor: Leather armour    |     6 |       |       ||     6
       Scale mail        |    12 |    25 |       ||    37
       Chain mail        |       |       |    73 ||    73
Dodge: Dodged            |    25 |    53 |    73 ||   151
Block: Other             |       |    18 |    31 ||    49

Levels and vault maps discovered:
D:1:      tarquinn_simple_flora_water_d, layout_basic, serial_bayou_pond_e,
          minivault_14
D:2:      layout_loops_ring
D:3:      layout_rooms, minmay_fractal_squares_diagonal_5, uniq_ijyb,
          uniq_terence, uniq_jessica
D:4:      layout_loops_ring, kennysheep_generic_room_13
D:5:      wad_crossroads, layout_basic, tgw_trog, minmay_temple_entry_trees,
          serial_shops, nicolae_shop_temple_entry_statues_fountains,
          nicolae_shop_statue_plus, kennysheep_mini_moat, nicolae_shop_trees,
          shop, basic_altar, okawaru_gym_becter
D:6:      layout_loops_ring, lemuel_round_altar, fedhas_altar_2,
          nemelex_xobeh_ov_fountains_minmay, serial_shops,
          nicolae_shop_behind_doors, shop, shop,
          nicolae_shop_competitors_out_of_business, uniq_menkaure, uniq_edmund,
          uniq_crazy_yiuf_cottage

Notes
Turn   | Place    | Note
-------+----------+-------------------------------------------
     0 | Abyss:1  | sanka the Ghoul Abyssal Knight began the quest for the Orb.
     0 | Abyss:1  | Reached XP level 1. HP: 19/19 MP: 1/1
    39 | D:1      | Escaped the Abyss
   262 | D:1      | Reached skill level 1 in Dodging
   431 | D:1      | Reached skill level 2 in Armour
   451 | D:1      | Reached skill level 2 in Polearms
   451 | D:1      | Reached XP level 2. HP: 22/26 MP: 2/2
  1545 | D:3      | Reached XP level 3. HP: 33/33 MP: 3/3
  1553 | D:3      | Noticed Terence
  1557 | D:3      | Reached skill level 4 in Fighting
  1589 | D:2      | Killed Terence
  1589 | D:2      | Reached skill level 3 in Polearms
  1589 | D:2      | Reached XP level 4. HP: 12/40 MP: 4/4
  1835 | D:3      | Reached ** piety under Lugonu
  2068 | D:3      | Reached skill level 4 in Polearms
  2095 | D:3      | Reached XP level 5. HP: 46/46 MP: 5/5
  2214 | D:3      | Noticed Ijyb
  2243 | D:3      | Killed Ijyb
  2562 | D:3      | Noticed Jessica
  2571 | D:3      | Killed Jessica
  2571 | D:3      | Reached skill level 5 in Polearms
  2571 | D:3      | Reached XP level 6. HP: 52/52 MP: 6/6
  2700 | D:4      | Noticed a phantom
  2722 | D:4      | Killed a phantom
  2900 | D:4      | Reached skill level 6 in Polearms
  2983 | D:4      | Reached *** piety under Lugonu
  2983 | D:4      | Reached XP level 7. HP: 50/59 MP: 7/7
  3548 | D:5      | Entered Level 5 of the Dungeon
  3600 | D:5      | Found an iron altar of Okawaru.
  3627 | D:5      | Reached skill level 7 in Polearms
  3896 | D:5      | Reached XP level 8. HP: 28/66 MP: 8/8
  4136 | D:5      | Found Emies's Book Emporium.
  4186 | D:5      | Found a staircase to the Ecumenical Temple.
  4250 | D:5      | Noticed a moth of wrath
  4253 | D:5      | Found a bloodstained altar of Trog.
  4309 | D:5      | Reached skill level 8 in Polearms
  4309 | D:5      | Reached skill level 3 in Invocations
  4406 | D:5      | Found Rianis Heump's Gadget Shoppe.
  4428 | D:5      | Found Etousax's Magic Scroll Boutique.
  4432 | D:5      | Bought a scroll of identify for 22 gold pieces
  4566 | D:5      | Found a shimmering altar of Xom.
  4576 | D:5      | Found Xoikisko's Weapon Boutique.
  4788 | D:5      | Found Qameli's Gadget Shoppe.
  5088 | D:6      | Found a sparkling altar of Nemelex Xobeh.
  5143 | D:6      | Reached **** piety under Lugonu
  5208 | D:6      | Found Goubik's Book Boutique.
  5236 | D:6      | Found a shattered altar of Ashenzari.
  5272 | D:6      | Reached skill level 4 in Invocations
  5278 | D:6      | Noticed Menkaure
  5322 | D:6      | HP: 6/66 [gnoll/+0 spear (1)]
  5323 | D:6      | Slain by Menkaure

Vanquished Creatures
  An ice beast (D:5)
  2 phantoms
  A centaur (D:5)
  2 bullfrogs
  3 wights (D:6)
  A howler monkey (D:5)
  A bullfrog zombie (D:5)
  A centaur zombie (D:5)
  A bullfrog skeleton (D:4)
  A hound (D:5)
  3 orc wizards
  2 orc priests (D:4)
  An iguana (D:5)
  Jessica (D:3)
  Terence (D:2)
  2 worker ants
  Ijyb (D:3)
  6 gnolls
  8 adders
  A shadow imp (D:5)
  An ufetubus (D:5)
  2 oozes (D:3)
  5 worms
  2 dart slugs
  3 leopard geckos
  19 orcs
  A ball python (D:4)
  4 giant cockroaches
  6 goblins
  5 hobgoblins
  9 jackals
  3 kobolds
  4 quokkas
  5 bats
  6 frilled lizards
  6 rats
121 creatures vanquished.
